General information
- name: BNet
- type: Ladder team game (AT/RT)
- host: Battle.net
- saver: slashfm
map: TwilightRuins
- players: 8
- length: 37:56
- speed: Fast
- version: 1.28 W3XP
- replay type: Public
» download(255 KB)
Players
team 1 (winner)

»
acarefreenoob (
green | 127 APM | 2755 actions | 21:41)
3 Priestess of the Moon
2 Trueshot Aura
1 Scout
1 Keeper of the Grove
1 Entangling Roots
» actions
| Assign group hotkey | 46 | |
| Basic commands | 80 | |
| Build / train | 99 | |
| ESC pressed | 5 | |
| Enter build submenu | 42 | |
| Enter hero's abilities submenu | 4 | |
| Remove unit from queue | 16 | |
| Right click | 904 | |
| Select / deselect | 666 | |
| Select group hotkey | 797 | |
| Use ability | 96 | |
2755 total
» units
| Wisp | 21 | |
| Archer | 7 | |
| Dryad | 21 | |
| Chimaera | 3 | |
| Hippogryph | 1 | |
53 total
» upgrades
| Ultravision | 1 | |
| Strength of the Wild | 3 | |
| Reinforced Hides | 4 | |
| Abolish Magic | 1 | |
| Improved Bows | 1 | |
| Hardened Skin | 1 | |
| Resistant Skin | 1 | |
| Well Spring | 1 | |
| Druid of the Claw Training | 1 | |
| Corrosive Breath | 1 | |
| Strength of the Moon | 1 | |
| Moon Armor | 1 | |
| Hippogryph Taming | 1 | |
18 total
» buildings
| Altar of Elders | 1 | |
| Moon Well | 9 | |
| Ancient of War | 2 | |
| Tree of Ages | 1 | |
| Hunter's Hall | 1 | |
| Ancient of Wonders | 1 | |
| Ancient of Lore | 3 | |
| Ancient of Wind | 1 | |
| Tree of Eternity | 4 | |
| Ancient Protector | 2 | |
| Chimaera Roost | 1 | |
| Tree of Life | 1 | |
27 total
» build order
00:11 Altar of Elders
00:13 Moon Well
00:29 Ancient of War
01:42 Moon Well
02:34 Moon Well
03:32 Moon Well
03:39 Tree of Ages
04:08 Hunter's Hall
04:11 Ancient of Wonders
06:01 Ancient of Lore
06:02 Ancient of Lore
06:05 Ancient of Lore
07:50 Ancient of Wind
10:11 Tree of Eternity
10:12 Tree of Eternity
10:12 Tree of Eternity
11:44 Ancient Protector
12:10 Ancient Protector
14:15 Chimaera Roost
16:33 Moon Well
16:36 Moon Well
17:34 Moon Well
17:36 Moon Well
18:42 Moon Well
20:15 Ancient of War
21:22 Tree of Life
slashfm (
red | 94 APM | 3580 actions | 37:56)
7 Archmage
2 Summon Water Elemental
3 Brilliance Aura
2 Blizzard
5 Blood Mage
3 Flame Strike
2 Siphon Mana
» actions
| Assign group hotkey | 137 | |
| Basic commands | 66 | |
| Build / train | 187 | |
| ESC pressed | 2 | |
| Enter build submenu | 67 | |
| Enter hero's abilities submenu | 12 | |
| Give item / drop item | 9 | |
| Right click | 1105 | |
| Select / deselect | 663 | |
| Select group hotkey | 995 | |
| Use ability | 337 | |
3580 total
» units
| Peasant | 11 | |
| Footman | 5 | |
| Goblin Shredder | 4 | |
| Sorceress | 7 | |
| Priest | 3 | |
| Goblin Zeppelin | 8 | |
| Goblin Sapper | 1 | |
| Rifleman | 4 | |
| Spell Breaker | 5 | |
48 total
» upgrades
| Masonry | 3 | |
| Sorceress Training | 2 | |
| Priest Training | 2 | |
| Long Rifles | 1 | |
| Gunpowder | 3 | |
| Armor | 3 | |
| Plating | 3 | |
| Swords | 3 | |
| Magic Sentry | 1 | |
| Control Magic | 1 | |
| Animal War Training | 1 | |
| Lumber Harvesting | 1 | |
| Defend | 1 | |
25 total
» buildings
| Altar of Kings | 1 | |
| Farm | 13 | |
| Barracks | 3 | |
| Arcane Vault | 2 | |
| Lumber Mill | 1 | |
| Keep | 6 | |
| Town Hall | 2 | |
| Scout Tower | 36 | |
| Arcane Tower | 9 | |
| Castle | 5 | |
| Guard Tower | 30 | |
| Arcane Sanctum | 2 | |
| Blacksmith | 2 | |
| Workshop | 2 | |
114 total
» build order
00:54 Altar of Kings
00:55 Farm
01:11 Barracks
01:23 Farm
01:34 Arcane Vault
02:07 Farm
02:11 Farm
02:16 Lumber Mill
03:41 Keep
03:41 Keep
04:32 Town Hall
04:41 Scout Tower
05:39 Arcane Tower
06:41 Castle
06:42 Castle
06:42 Castle
06:54 Scout Tower
06:55 Scout Tower
06:58 Scout Tower
06:59 Scout Tower
07:16 Scout Tower
07:17 Scout Tower
07:22 Scout Tower
07:30 Guard Tower
07:50 Guard Tower
07:50 Guard Tower
07:51 Guard Tower
07:52 Guard Tower
08:24 Arcane Sanctum
08:32 Arcane Sanctum
08:56 Scout Tower
08:57 Scout Tower
08:58 Scout Tower
09:00 Scout Tower
09:07 Scout Tower
10:10 Scout Tower
10:11 Scout Tower
10:12 Scout Tower
10:46 Guard Tower
10:46 Guard Tower
10:46 Guard Tower
10:59 Blacksmith
11:00 Blacksmith
12:51 Guard Tower
12:51 Guard Tower
12:52 Guard Tower
13:10 Barracks
13:12 Barracks
13:16 Scout Tower
13:16 Scout Tower
13:18 Scout Tower
14:16 Guard Tower
14:17 Guard Tower
14:17 Guard Tower
14:20 Scout Tower
14:21 Scout Tower
15:12 Guard Tower
15:17 Scout Tower
15:18 Scout Tower
15:21 Scout Tower
15:35 Farm
15:40 Farm
15:46 Farm
16:03 Guard Tower
16:04 Guard Tower
16:04 Guard Tower
16:44 Farm
16:46 Farm
16:59 Guard Tower
16:59 Guard Tower
16:59 Guard Tower
17:05 Guard Tower
17:05 Guard Tower
17:41 Farm
18:00 Workshop
18:02 Workshop
22:58 Farm
22:58 Farm
22:59 Farm
25:15 Keep
25:15 Keep
25:16 Keep
25:57 Arcane Vault
27:17 Town Hall
27:22 Scout Tower
27:22 Scout Tower
27:23 Scout Tower
27:24 Scout Tower
27:37 Castle
28:50 Guard Tower
28:50 Guard Tower
30:19 Scout Tower
30:19 Scout Tower
30:20 Scout Tower
30:23 Scout Tower
31:02 Arcane Tower
31:02 Arcane Tower
31:02 Arcane Tower
31:03 Arcane Tower
31:04 Scout Tower
31:05 Scout Tower
31:06 Scout Tower
31:07 Scout Tower
32:04 Arcane Tower
» items
| Mechanical Critter | 10 | |
| Scroll of Regeneration | 4 | |
| Staff of Teleportation | 2 | |
| Periapt of Vitality | 2 | |
| Tome of Retraining | 1 | |
| Potion of Invisibility | 2 | |
| Boots of Speed | 2 | |
| Mana Stone | 1 | |
| Staff of Sanctuary | 1 | |
| Ivory Tower | 5 | |
| Lesser Clarity Potion | 1 | |
| Pendant of Energy | 1 | |
| Claws of Attack +9 | 1 | |
| Claws of Attack +6 | 1 | |
34 total

»
Daretti (
teal | 32 APM | 676 actions | 21:00)
5 Far Seer
3 Feral Spirit
2 Chain Lighting
» actions
| Basic commands | 1 | |
| Build / train | 53 | |
| Enter build submenu | 25 | |
| Enter hero's abilities submenu | 5 | |
| Remove unit from queue | 4 | |
| Right click | 320 | |
| Select / deselect | 207 | |
| Use ability | 60 | |
676 total
» units
| Peon | 15 | |
| Grunt | 8 | |
| Troll Headhunter/Berserker | 3 | |
| Wind Rider | 7 | |
| Troll Batrider | 6 | |
39 total
» upgrades
| Armor | 1 | |
| Melee Weapons | 0 | |
| Ranged Weapons | 1 | |
2 total
» buildings
| Orc Burrow | 6 | |
| Altar of Storms | 2 | |
| Barracks | 1 | |
| War Mill | 1 | |
| Voodoo Lounge | 1 | |
| Watch Tower | 7 | |
| Stronghold | 1 | |
| Beastiary | 2 | |
| Fortress | 1 | |
| Great Hall | 3 | |
25 total
» build order
00:06 Orc Burrow
00:09 Altar of Storms
01:01 Barracks
02:02 Orc Burrow
02:13 War Mill
03:03 Voodoo Lounge
03:35 Watch Tower
03:44 Watch Tower
04:25 Orc Burrow
05:35 Stronghold
05:40 Watch Tower
07:22 Watch Tower
07:29 Orc Burrow
09:21 Orc Burrow
09:26 Beastiary
10:03 Fortress
10:39 Watch Tower
12:24 Great Hall
12:32 Great Hall
12:37 Watch Tower
12:43 Watch Tower
14:15 Great Hall
18:00 Altar of Storms
19:08 Orc Burrow
19:36 Beastiary
» items
| Scroll of Town Portal | 1 | |
| Potion of Healing | 1 | |
| Potion of Mana | 1 | |
3 total

»
craycray123 (
yellow | 58 APM | 1259 actions | 21:46)
4 Dark Ranger
2 Black Arrow
2 Life Drain
3 Goblin Alchemist
2 Chemical Rage
1 Healing Spray
» actions
| Assign group hotkey | 13 | |
| Basic commands | 125 | |
| Build / train | 74 | |
| Enter build submenu | 31 | |
| Enter hero's abilities submenu | 7 | |
| Remove unit from queue | 1 | |
| Right click | 347 | |
| Select / deselect | 465 | |
| Select group hotkey | 137 | |
| Use ability | 59 | |
1259 total
» units
| Wisp | 25 | |
| Faerie Dragon | 8 | |
| Dryad | 8 | |
| Mur'gul Snarecaster | 1 | |
| Druid of the Talon | 2 | |
| Druid of the Claw | 3 | |
| Hippogryph | 2 | |
49 total
» upgrades
| Reinforced Hides | 2 | |
| Strength of the Wild | 2 | |
| Abolish Magic | 1 | |
| Ultravision | 1 | |
| Druid of the Talon Training | 1 | |
| Druid of the Claw Training | 1 | |
8 total
» buildings
| Moon Well | 6 | |
| Altar of Elders | 1 | |
| Hunter's Hall | 1 | |
| Tree of Ages | 2 | |
| Ancient of Wonders | 1 | |
| Ancient Protector | 6 | |
| Ancient of Wind | 1 | |
| Ancient of Lore | 1 | |
| Tree of Life | 3 | |
22 total
» build order
00:21 Moon Well
00:46 Altar of Elders
02:21 Hunter's Hall
02:31 Tree of Ages
02:31 Tree of Ages
03:13 Ancient of Wonders
03:38 Moon Well
03:55 Ancient Protector
04:10 Moon Well
05:12 Ancient of Wind
06:27 Ancient of Lore
09:39 Tree of Life
10:08 Moon Well
11:07 Ancient Protector
13:12 Moon Well
13:41 Moon Well
13:48 Ancient Protector
15:58 Ancient Protector
16:00 Ancient Protector
16:29 Ancient Protector
17:42 Tree of Life
19:01 Tree of Life
» items
| Potion of Healing | 2 | |
| Staff of Preservation | 1 | |
| Potion of Lesser Invulnerability | 1 | |
| Potion of Invisibility | 1 | |
5 total
team 2 (loser)
oiola (
orange | 41 APM | 1222 actions | 29:46)
8 Priestess of the Moon
3 Trueshot Aura
3 Searing Arrows
1 Starfall
1 Scout
» actions
| Build / train | 79 | |
| Enter build submenu | 23 | |
| Enter hero's abilities submenu | 8 | |
| Give item / drop item | 1 | |
| Remove unit from queue | 1 | |
| Right click | 688 | |
| Select / deselect | 384 | |
| Use ability | 38 | |
1222 total
» units
| Wisp | 28 | |
| Archer | 7 | |
| Chimaera | 6 | |
| Hippogryph | 12 | |
53 total
» upgrades
| Strength of the Wild | 3 | |
| Reinforced Hides | 3 | |
| Well Spring | 1 | |
| Corrosive Breath | 1 | |
8 total
» buildings
| Altar of Elders | 1 | |
| Moon Well | 10 | |
| Ancient of War | 1 | |
| Tree of Ages | 1 | |
| Hunter's Hall | 1 | |
| Tree of Life | 3 | |
| Tree of Eternity | 1 | |
| Ancient of Wind | 1 | |
| Ancient of Wonders | 1 | |
| Chimaera Roost | 2 | |
22 total
» build order
00:25 Altar of Elders
00:37 Moon Well
00:52 Moon Well
01:59 Ancient of War
02:05 Moon Well
02:54 Moon Well
03:59 Tree of Ages
04:04 Hunter's Hall
05:01 Tree of Life
05:57 Moon Well
06:40 Tree of Eternity
06:46 Ancient of Wind
08:40 Moon Well
08:53 Ancient of Wonders
09:08 Chimaera Roost
09:13 Chimaera Roost
10:15 Moon Well
10:19 Moon Well
18:58 Tree of Life
19:21 Tree of Life
19:40 Moon Well
21:39 Moon Well
» items
| Boots of Speed | 1 | |
| Replenishment Potion | 1 | |
| Claws of Attack +9 | 1 | |
| Periapt of Vitality | 1 | |
| Ring of Protection +2 | 1 | |
| Scroll of the Beast | 1 | |
6 total
BladeOfPower (
purple | 50 APM | 1884 actions | 37:56)
7 Blademaster
3 Wind Walk
3 Critical Strike
1 Bladestorm
» actions
| Assign group hotkey | 32 | |
| Basic commands | 202 | |
| Build / train | 67 | |
| Enter build submenu | 54 | |
| Enter hero's abilities submenu | 7 | |
| Give item / drop item | 10 | |
| Right click | 677 | |
| Select / deselect | 406 | |
| Select group hotkey | 285 | |
| Use ability | 144 | |
1884 total
» units
| Peon | 8 | |
| Grunt | 4 | |
| Goblin Shredder | 2 | |
| Goblin Zeppelin | 6 | |
| Goblin Sapper | 7 | |
| Troll Batrider | 4 | |
31 total
» upgrades
| Troll Regeneration | 1 | |
| Reinforced Defenses | 1 | |
| Liquid Fire | 1 | |
| Ranged Weapons | 3 | |
| Armor | 3 | |
| Spiked Barricades | 1 | |
| Envenomed Spears | 1 | |
11 total
» buildings
| Orc Burrow | 7 | |
| Altar of Storms | 1 | |
| Barracks | 1 | |
| Voodoo Lounge | 1 | |
| Stronghold | 1 | |
| Great Hall | 2 | |
| War Mill | 2 | |
| Fortress | 1 | |
| Watch Tower | 42 | |
| Beastiary | 4 | |
62 total
» build order
00:11 Orc Burrow
01:01 Altar of Storms
01:03 Barracks
01:07 Orc Burrow
01:37 Voodoo Lounge
02:52 Stronghold
04:33 Great Hall
04:36 Orc Burrow
05:36 War Mill
07:31 Fortress
08:18 Orc Burrow
08:55 Watch Tower
08:56 Watch Tower
09:01 Watch Tower
09:02 Watch Tower
09:03 Watch Tower
09:03 Watch Tower
09:04 Watch Tower
09:11 Watch Tower
09:11 Watch Tower
09:12 Watch Tower
09:13 Watch Tower
10:20 War Mill
10:24 Beastiary
10:25 Beastiary
10:26 Beastiary
10:29 Beastiary
12:17 Watch Tower
12:17 Watch Tower
12:17 Watch Tower
12:23 Watch Tower
12:23 Watch Tower
12:23 Watch Tower
12:24 Watch Tower
12:24 Watch Tower
17:54 Watch Tower
17:54 Watch Tower
17:55 Watch Tower
17:56 Watch Tower
17:56 Watch Tower
17:57 Watch Tower
17:58 Watch Tower
17:58 Watch Tower
17:58 Watch Tower
22:12 Great Hall
22:16 Watch Tower
22:16 Watch Tower
22:17 Watch Tower
22:17 Watch Tower
22:20 Watch Tower
22:27 Watch Tower
22:27 Watch Tower
22:27 Watch Tower
22:28 Watch Tower
22:30 Watch Tower
22:30 Watch Tower
22:31 Watch Tower
22:31 Watch Tower
23:30 Orc Burrow
23:33 Orc Burrow
23:35 Orc Burrow
» items
| Healing Salve | 4 | |
| Orb of Lightning | 1 | |
| Staff of Teleportation | 1 | |
| Periapt of Vitality | 1 | |
| Potion of Healing | 2 | |
| Lesser Clarity Potion | 1 | |
| Potion of Mana | 1 | |
| Scroll of Town Portal | 3 | |
14 total
GERALT-0F-RIVIA (
pink | 51 APM | 1924 actions | 37:56)
6 Blademaster
3 Wind Walk
2 Critical Strike
1 Bladestorm
» actions
| Assign group hotkey | 25 | |
| Basic commands | 202 | |
| Build / train | 62 | |
| Enter build submenu | 31 | |
| Enter hero's abilities submenu | 6 | |
| Give item / drop item | 3 | |
| Right click | 723 | |
| Select / deselect | 266 | |
| Select group hotkey | 477 | |
| Use ability | 129 | |
1924 total
» units
| Peon | 16 | |
| Goblin Shredder | 4 | |
| Wind Rider | 7 | |
27 total
» upgrades
| Ranged Weapons | 2 | |
| Reinforced Defenses | 1 | |
| Envenomed Spears | 1 | |
| Armor | 2 | |
| Liquid Fire | 1 | |
| Ensnare | 1 | |
8 total
» buildings
| Altar of Storms | 1 | |
| Orc Burrow | 6 | |
| Voodoo Lounge | 1 | |
| Stronghold | 2 | |
| War Mill | 1 | |
| Great Hall | 2 | |
| Watch Tower | 26 | |
| Fortress | 1 | |
| Beastiary | 4 | |
44 total
» build order
00:08 Altar of Storms
00:19 Orc Burrow
00:43 Voodoo Lounge
02:14 Stronghold
02:14 Stronghold
02:24 Orc Burrow
02:50 War Mill
03:04 Orc Burrow
03:27 Orc Burrow
03:57 Great Hall
05:18 Watch Tower
05:19 Watch Tower
06:01 Watch Tower
06:09 Fortress
06:31 Watch Tower
06:31 Watch Tower
07:00 Beastiary
07:09 Beastiary
08:00 Watch Tower
08:12 Beastiary
10:00 Watch Tower
10:20 Watch Tower
10:21 Watch Tower
10:22 Watch Tower
10:37 Watch Tower
11:18 Watch Tower
11:33 Watch Tower
11:34 Watch Tower
11:34 Watch Tower
11:34 Watch Tower
11:35 Watch Tower
11:57 Watch Tower
12:01 Watch Tower
12:21 Watch Tower
12:21 Watch Tower
12:22 Watch Tower
12:22 Watch Tower
13:11 Watch Tower
13:49 Watch Tower
15:03 Beastiary
15:06 Orc Burrow
15:07 Orc Burrow
15:34 Watch Tower
22:57 Great Hall
» items
| Healing Salve | 4 | |
| Lesser Clarity Potion | 2 | |
| Boots of Speed | 1 | |
| Staff of Teleportation | 1 | |
| Orb of Lightning | 1 | |
| Tiny Great Hall | 2 | |
| Scroll of Town Portal | 2 | |
13 total
U_FOLLOW_iTK_18 (
blue | 84 APM | 3182 actions | 37:56)
5 Mountain King
3 Storm Bolt
2 Bash
4 Paladin
2 Holy Light
1 Divine Shield
1 Devotion Aura
1 Archmage
1 Blizzard
» actions
| Assign group hotkey | 53 | |
| Basic commands | 37 | |
| Build / train | 105 | |
| ESC pressed | 3 | |
| Enter build submenu | 50 | |
| Enter hero's abilities submenu | 10 | |
| Give item / drop item | 4 | |
| Right click | 1135 | |
| Select / deselect | 505 | |
| Select group hotkey | 1133 | |
| Use ability | 147 | |
3182 total
» units
| Peasant | 11 | |
| Rifleman | 10 | |
| Goblin Shredder | 2 | |
| Goblin Zeppelin | 5 | |
| Mortar Team | 4 | |
32 total
» upgrades
| Armor | 3 | |
| Long Rifles | 1 | |
| Gunpowder | 3 | |
| Flare | 2 | |
| Masonry | 3 | |
| Fragmentation Shards | 1 | |
| Plating | 1 | |
14 total
» buildings
| Farm | 17 | |
| Barracks | 2 | |
| Altar of Kings | 1 | |
| Blacksmith | 1 | |
| Scout Tower | 13 | |
| Arcane Vault | 3 | |
| Arcane Tower | 4 | |
| Lumber Mill | 1 | |
| Keep | 1 | |
| Town Hall | 1 | |
| Workshop | 2 | |
| Guard Tower | 9 | |
| Castle | 1 | |
| Gryphon Aviary | 4 | |
60 total
» build order
00:20 Farm
00:36 Barracks
00:38 Farm
00:39 Altar of Kings
01:45 Farm
02:00 Blacksmith
02:07 Scout Tower
02:22 Farm
02:32 Arcane Vault
02:40 Arcane Tower
02:56 Lumber Mill
03:05 Farm
05:15 Keep
05:29 Scout Tower
05:44 Farm
06:13 Scout Tower
06:14 Scout Tower
06:15 Arcane Tower
07:26 Arcane Tower
07:29 Town Hall
07:58 Farm
09:16 Farm
10:02 Arcane Vault
10:04 Scout Tower
10:12 Workshop
10:25 Farm
10:26 Farm
10:34 Guard Tower
10:35 Scout Tower
11:22 Castle
11:29 Workshop
12:24 Farm
12:25 Scout Tower
12:36 Guard Tower
12:38 Scout Tower
12:41 Scout Tower
13:00 Barracks
13:02 Guard Tower
13:03 Farm
13:05 Scout Tower
14:03 Guard Tower
14:04 Arcane Vault
14:24 Guard Tower
14:26 Farm
14:28 Farm
14:29 Guard Tower
14:32 Scout Tower
15:32 Guard Tower
15:33 Scout Tower
15:40 Farm
17:02 Farm
17:10 Guard Tower
18:56 Scout Tower
19:31 Guard Tower
21:24 Farm
24:54 Gryphon Aviary
24:55 Gryphon Aviary
24:57 Gryphon Aviary
25:00 Gryphon Aviary
» items
| Scroll of Regeneration | 10 | |
| Lesser Clarity Potion | 5 | |
| Scroll of Town Portal | 5 | |
| Potion of Healing | 3 | |
| Staff of Sanctuary | 3 | |
| Orb of Fire | 1 | |
| Orb of Venom | 1 | |
| Boots of Speed | 1 | |
| Staff of Teleportation | 1 | |
30 total
Chat log
(08:30 / All) BladeOfPower: awklwl
(08:32 / All) BladeOfPower: wow
(08:34 / All) BladeOfPower: I didn't realize
(08:38 / All) BladeOfPower: my bm was that low health until too late
(09:05 / All) Daretti: thats what ya get for playing the pussy skilless orc hero
(09:12 / All) slashfm: LOL
(09:13 / All) Daretti: play TC or FS and get back to me
(09:27 / All) BladeOfPower: your unbridled arrogance shall seal your downfall, noob
(15:20 / Allies) craycray123: too much d
(17:01 / All) BladeOfPower: wow
(17:05 / All) BladeOfPower: I had to click that tp like 50 times
(17:40 / Allies) Daretti: lol i cant believe you massed deer like a noob green
(17:45 / Allies) acarefreenoob:
(19:02 / Allies) craycray123: omfg
(19:59 / All) GERALT-0F-RIVIA: oj are us erious
(20:00 / All) GERALT-0F-RIVIA: tp to green
(21:42 / Allies) craycray123: b
(21:46 / All) oiola: gg
(21:57 / All) slashfm: gg time for you to leave
(25:52 / All) BladeOfPower: REVENGE MOTHERFUCKER
(25:54 / All) BladeOfPower: CAN YOU READ THAT?
(25:58 / All) GERALT-0F-RIVIA: LAWL
(26:07 / All) U_FOLLOW_iTK_18: lot of work loser
(26:17 / All) slashfm: chinky spic spook nigger can u read this
(26:20 / All) slashfm: YOU GOT RAPEFD
(26:32 / All) GERALT-0F-RIVIA: cant u reach chink spic nigga
(26:34 / All) U_FOLLOW_iTK_18: no prob work for it i go check email
(26:47 / All) BladeOfPower: RAPED
(27:09 / All) GERALT-0F-RIVIA: cant u read chink
(27:28 / All) BladeOfPower: BLUE = OWNED
(27:30 / All) BladeOfPower: NOOB
(28:14 / All) GERALT-0F-RIVIA: repeat after blue
(28:24 / All) GERALT-0F-RIVIA: u got raped by "CIRILLA empress of cintra"
(32:02 / All) U_FOLLOW_iTK_18: haha still here?
(32:23 / All) slashfm: qq
(32:26 / All) U_FOLLOW_iTK_18: i hurt u cowards so bad u think about me everyday and this is the best u can do lol
(32:30 / All) slashfm: qq
(32:33 / All) U_FOLLOW_iTK_18: brb QQ
(32:36 / All) slashfm: qq
(32:38 / All) slashfm: cry more
(33:43 / All) U_FOLLOW_iTK_18: qq?
(33:49 / All) slashfm: cry more
(33:50 / All) slashfm: qq
(33:55 / All) GERALT-0F-RIVIA: im geralt of rivia biatch i dont QQ
(33:55 / All) U_FOLLOW_iTK_18: feel free to copy me
(33:59 / All) GERALT-0F-RIVIA: i go PEW PEW
(34:05 / All) U_FOLLOW_iTK_18: i give u permission
(34:08 / All) U_FOLLOW_iTK_18: fan
(34:11 / All) slashfm: nah your shit talk ain't really worth copying
(34:14 / All) BladeOfPower: no one is ur fan
(34:16 / All) U_FOLLOW_iTK_18: haha now u stopped
(34:16 / All) GERALT-0F-RIVIA: I WILL FIND CIRILLA AND GET HER BACKK
(34:21 / All) U_FOLLOW_iTK_18: u a slave now lols
(34:22 / All) slashfm: qq
(34:26 / All) U_FOLLOW_iTK_18: fan now
(34:29 / All) U_FOLLOW_iTK_18: lol easy
(34:30 / All) BladeOfPower: CRYMORECRYMORECRYMORE they just do that to mock you
(34:35 / All) U_FOLLOW_iTK_18: fan
(34:38 / All) GERALT-0F-RIVIA: we are the lynch squad gang. u cant mess with us!!!!!!!!!!
(34:40 / All) slashfm: I'm mocking you with your own bad lines
(34:42 / All) slashfm: so I'm a "fan"
(34:47 / All) U_FOLLOW_iTK_18: haha that's a lot of power
(34:50 / All) U_FOLLOW_iTK_18: in a video game
(34:54 / All) U_FOLLOW_iTK_18: thats old
(35:07 / All) U_FOLLOW_iTK_18: u guys have real power in life lolz
(35:16 / All) slashfm: what do you do for a living, crymore
(35:29 / All) U_FOLLOW_iTK_18: own consulting firms
(35:36 / All) BladeOfPower: So do I on the sims
(35:41 / All) slashfm: same
(35:45 / All) BladeOfPower: add me we can be neighbors on the sims
(35:48 / All) U_FOLLOW_iTK_18: sure losers
(35:52 / All) slashfm: are you in pleasantville blue?
(35:57 / All) slashfm: I'm a big real estate mogul there
(35:59 / All) BladeOfPower: Autists always tell tale tales
(36:02 / All) BladeOfPower: why is that, autismo?
(36:21 / All) U_FOLLOW_iTK_18: brb losers work hard for me
(36:30 / All) BladeOfPower: shreddar fight!
(36:49 / All) BladeOfPower: SOUTH SIDE WON
(37:48 / All) BladeOfPower: Well I guess that's all he had to say